cohdb
Replays
Latest Replays
All Replays
Popular Replays
Top Player Replays
Match Explorer
How It Works
Community
CoH3 Stats
Reddit
Sign in to upload your games and track your stats! →
Sign in with Steam
Match 42584356
Unlisted
Match 42584356
Overview
Messages
Build Orders
End
Kradschützen Motorcycle Team
Panzerpioneer Squad
Panzergrenadier Squad
Panzergrenadier Squad
Construct Light Support Kompanie
Panzerjäger Squad
MG34 Team
Fire Support Elements
Assault Mechanized Group
Selects Panzerjäger Kommand Battlegroup
Selects Tank Busters
2.5-tonne Medical Truck
Flakvierling Half-track
Selects Blockade Equipment
la
gicobiwolfe
MoriMusic
Feenrr
[82AD] PaulVmax
Computer - Hard
Happy Se Hyeon
FloppyBob
0
0
Comments
sign in to comment!
No comments posted yet!